AoeStats
← Vaquero40

Arena

510403882Analyzed
1v1 RM · 23h ago on Sep 30, 2026· 47m 14s· 2 players
Game mode
Random Map
Map size
Tiny (2 player)
Population
200
Speed
Normal
Resources
Standard
Victory
Conquest
Starting age
Dark Age
Ending age
Imperial Age
RankedLock teamsTeams togetherTeam positionsShared explorationLock speedFull tech treeHidden civsTurbo modeCheats
Victory
Defeat
🇦🇷 Lithuanians · Argentina
446
+18
🇲🇽 Maya · Mexico
488
-18
leomelthorme191
2:33 Loom
10:47 Feudal Age
12:03 Horse Collar
12:09 Double-Bit Axe
13:28 Wheelbarrow
17:23 Forging
18:29 Scale Barding Armor
18:40 Bloodlines
22:11 Castle Age
23:46 Hand Cart
23:49 Bow Saw
24:58 Heavy Plow
24:49 Gold Mining
24:50 Stone Mining
29:00 Man-at-Arms
30:25 Iron Casting
32:51 Long Swordsman
33:34 Squires
34:32 Sanctity
37:50 Imperial Age
35:52 Fletching
36:06 Scale Mail Armor
36:27 Chain Barding Armor
41:32 Capped Ram
43:25 Bodkin Arrow
46:30 Ballistics
47:11 Chemistry
47:11 Bracer
48:23 Plate Barding Armor
48:03 Chain Mail Armor
Vaquero40
0:35 Loom
11:37 Feudal Age
12:35 Double-Bit Axe
16:15 Castle Age
19:28 Squires
23:56 Gold Mining
24:35 Town Watch
25:34 Man-at-Arms
27:17 Scale Mail Armor
34:40 Imperial Age
32:30 Chain Mail Armor
32:27 Forging
34:08 Fortified Wall
33:55 Murder Holes
34:26 Ballistics
34:32 Sanctity
34:26 Fervor
35:57 Conscription
35:32 Horse Collar
36:54 Eagle Warrior
38:14 Iron Casting
40:38 Blast Furnace
40:09 Plate Mail Armor
41:19 Chemistry
Connection lost

Rejoining the realm…

Still unreachable

The connection could not be restored.

Session expired

The server has moved on; the page needs a fresh start.